 Dungeon Crawl Stone Soup version 0.29-a0-451-gfbfa42419e (webtiles) character file.

Game seed: 7209293988807825256

18517 happo123 the Covert (level 12, -16/70 HPs)
             Began as a Djinni Earth Elementalist on May 19, 2022.
             Was a Priest of Elyvilon.
             Demolished by a black mamba (18 damage)
             ... on level 2 of the Lair of Beasts on May 20, 2022.
             The game lasted 01:30:01 (12808 turns).

happo123 the Covert (Djinni Earth Elementalist)    Turns: 12808, Time: 01:30:05

Health: -16/70     AC:  7    Str:  7    XL:     12   Next: 96%
Gold:   675        EV: 17    Int: 23    God:    Elyvilon [***...] SH:  0 Dex: 13

rFire   + . .      SeeInvis .   (no weapon)
rCold   . . .      Faith    .   (no shield)
rNeg    . . .      Spirit   .   N - +0 troll leather armour
rPois   ∞          Reflect  .   z - +2 helmet
rElec   .          Harm     .   (no cloak)
rCorr   .          Rampage  .   (no gloves)
Will    +....                   (boots unavailable)
Stlth   +++++.....              h - amulet of the acrobat
HPRegen 1.01/turn               F - ring of ice
MPRegen 0.00/turn               S - ring of wizardry

@: brilliant, freezing walls, flying, studying Stealth
A: sickness immunity, fire resistance 2, cold vulnerability 1, float, innate
caster, HP casting, extra vitality 1
a: Renounce Religion, Purification, Heal Other, Heal Self


You were on level 2 of the Lair of Beasts.
You worshipped Elyvilon.
Elyvilon was most pleased with you.
You visited 3 branches of the dungeon, and saw 12 of its levels.

You collected 675 gold pieces.

Inventory:

Hand Weapons
 B - a +2 rapier of protection
Missiles
 w - 166 stones
Armour
 c - a +1 hat of willpower
 i - a +1 robe of the Archmagi
 z - a +2 helmet (worn)
 E - +0 steam dragon scales
 H - a scarf of shadows
 N - a +0 troll leather armour (worn)
Jewellery
 b - a ring of protection from cold
 h - an amulet of the acrobat (around neck)
 y - a +6 ring of dexterity
 F - a ring of ice (left hand)
 S - a ring of wizardry (right hand)
Wands
 v - a wand of flame (14)
 C - a wand of acid (4)
 G - a wand of paralysis (12)
 L - a wand of mindburst (7)
 M - a wand of iceblast (12)
 O - a wand of charming (9)
Scrolls
 a - 2 scrolls of amnesia {unknown}
 d - 3 scrolls of identify
 f - 2 scrolls of blinking {unknown}
 l - 3 scrolls of poison
 n - 2 scrolls of teleportation {unknown}
 o - 2 scrolls of silence {unknown}
 q - a scroll of fog {unknown}
 r - 3 scrolls of noise
 s - 3 scrolls of vulnerability
 t - a scroll of enchant armour {unknown}
 u - 4 scrolls of enchant weapon
 x - 4 scrolls of magic mapping
 D - a scroll of immolation {unknown}
 I - a scroll of summoning {unknown}
 J - 2 scrolls of fear
Potions
 e - a potion of invisibility {unknown}
 g - a potion of berserk rage {unknown}
 j - 2 potions of mutation {unknown}
 k - 5 potions of curing
 m - 4 potions of brilliance
 p - 2 potions of heal wounds
 A - a potion of cancellation {unknown}
 K - 2 potions of flight {unknown}
 P - a potion of haste {unknown}
 R - 2 potions of attraction {unknown}
Miscellaneous
 Q - a piece from Xom's chessboard (15/15)


   Skills:
 + Level 13.0 Dodging
 + Level 14.2 Stealth
 + Level 9.6 Spellcasting


You had 7 spell levels left.
You knew the following spells:

 Your Spells              Type           Power      Damage    Failure   Level
a - Sandblast             Erth           100%       2d20      1%          1
b - Passwall              Tmut/Erth      58%        N/A       1%          2
c - Stone Arrow           Conj/Erth      100%       3d13      1%          3
d - Petrify               Tmut/Erth      70%        N/A       1%          4
e - Freeze                Ice            100%       1d11      1%          1
f - Searing Ray           Conj           100%       2d8       1%          2
g - Frozen Ramparts       Ice            100%       1d12      1%          3
h - Ignite Poison         Fire/Tmut/Pois 70%        N/A       1%          3
i - Passage of Golubria   Tloc           70%        N/A       1%          4
Your spell library was empty.

Dungeon Overview and Level Annotations

Branches:
Dungeon (9/15)             Temple (1/1) D:7            Lair (2/6) D:9
  Swamp: Lair:2-4    Shoals: Lair:2-4     Snake: Lair:2-4    Spider: Lair:2-4
    Orc: D:9-12

Altars:
Ashenzari
Cheibriados
Dithmenos
Elyvilon
Fedhas
Gozag
Hepliaklqana
Kikubaaqudgha
Makhleb
Nemelex Xobeh
Okawaru
Qazlal
Ru
Sif Muna
Trog
Uskayaw
Vehumet
Wu Jian
Xom
Yredelemnul
Zin
The Shining One

Annotations:
Lair:2 1 transporter, Guvu Tong's ghost, journeyman MiBe


Innate Abilities, Weirdness & Mutations

You are immune to sickness and miasma.
You are immune to poison.
Your flesh is very heat resistant. (rF++)
You are vulnerable to cold. (rC-)
You float through the air rather than walking.
You learn spells naturally, not from books.
Your magical power is your life essence.
You have superior vitality. (+4 MHP)


Message History

The moth of wrath misses you.
The wall freezes the basilisk!
Your attack snaps the basilisk out of its fear.
The basilisk seems to slow down.
The wall freezes the black mamba.
The black mamba seems to slow down.
The black mamba bites you.
The wall freezes the death yak.
The death yak gores you!!
* * * LOW HITPOINT WARNING * * *
The wall freezes Guvu Tong's ghost!
Guvu Tong's ghost misses your rime drake.
Unknown command.
You feel much better.
The wall freezes the black mamba.
The black mamba seems to slow down.
The black mamba barely misses you.
The wall freezes the moth of wrath!
The moth of wrath completely misses you.
The wall freezes the moth of wrath.
The moth of wrath bites you!!
* * * LOW HITPOINT WARNING * * *
The wall freezes the death yak.
The death yak gores you!!! Elyvilon protects you from harm!
The wall freezes the black mamba.
The black mamba barely misses you.
The wall freezes Guvu Tong's ghost!
Guvu Tong's ghost hits your rime drake!
You are healed.
The wall freezes the moth of wrath.
The moth of wrath closely misses you.
Cornered, the bullfrog turns to fight!
The wall freezes the death yak!
The death yak closely misses you.
The wall freezes the moth of wrath!
The moth of wrath misses you.
The wall freezes the black mamba.
The black mamba bites you!!
* * * LOW HITPOINT WARNING * * *
The wall freezes the basilisk.
The wall freezes the moth of wrath.
The moth of wrath closely misses you.
The wall freezes Guvu Tong's ghost.
Guvu Tong's ghost closely misses your rime drake.
The wall freezes the moth of wrath!
The moth of wrath bites you.
* * * LOW HITPOINT WARNING * * *
The wall freezes the death yak.
The death yak gores you!! Elyvilon protects you from harm!
Okay, then.
As you read the scroll of fear, it crumbles to dust.
You assume a fearsome visage.
The moth of wrath looks frightened!
The black mamba is unaffected.
The moth of wrath looks frightened!
The death yak is unaffected.
The basilisk looks frightened!
Guvu Tong's ghost is unaffected.
The wall freezes the black mamba.
The black mamba seems to slow down.
The black mamba bites you!!
You die...

......[...#.### #.## ##.#..
............#.####..#### ##...
............P..........## #....
....>.........####©###..## ##....
..........#####. ###S##†.###.....
......#...#©...# .....##..#......
....#....##...#. .#....#.........
..P.####.#.....k#..##.Y#........#
..### #..#..##WS@y.#..F#.......##
...# ##.#.....#Yy...#.##......##
..## #.##.##..l###....#.....P##
..## #..#....=??$.#..##....###.
..P# #..##..##### .###......##.
..## #P..####.©.####.......####
..# #.....................P###
.## #.#....................##.
.## ####..................####


You could see a death yak (berserk), 2 moths of wrath, a black mamba (berserk,
slow), a basilisk (fleeing, slow), Guvu Tong's ghost and a friendly rime drake
(charmed).

Vanquished Creatures
  Erolcha (D:9)
  2 hydras (Lair:1)
  4 lindwurms (Lair:2)
  Joseph (D:9)
  A black mamba (Lair:2)
  4 cane toads
  Maggie (Lair:2)
  2 komodo dragons (Lair:1)
  A troll (D:9)
  A hornet (Lair:2)
  A polar bear (Lair:1)
  Prince Ribbit (D:6)
  8 blink frogs (Lair:2)
  Sigmund (D:2)
  5 wyverns
  33 yaks
  A basilisk (Lair:2)
  3 steam dragons
  An acid dragon (D:9)
  6 water moccasins
  2 orc warriors (D:9)
  A sky beast (D:7)
  3 black bears
  4 phantoms
  Blork the orc (D:5)
  2 kobold brigands
  6 bullfrogs
  2 necrophages
  2 scorpions (D:6)
  8 wights
  2 howler monkeys
  2 gnoll shamans
  2 jellies
  6 orc priests
  2 hounds
  4 iguanas
  Jessica (D:2)
  11 orc wizards
  12 gnolls
  6 adders
  2 shadow imps
  2 white imps
  2 ufetubi
  A worm (D:2)
  4 dart slugs
  38 orcs
  7 ball pythons
  10 endoplasms
  3 giant cockroaches
  5 hobgoblins
  6 jackals
  A quokka (D:3)
  6 bats
  2 frilled lizards
  12 goblins
  19 kobolds
  A rat (D:1)
278 creatures vanquished.

Vanquished Creatures (others)
  7 fungi
  2 plants (Lair:2)
9 creatures vanquished.

Grand Total: 287 creatures vanquished

Notes
Turn   | Place    | Note
-------+----------+-------------------------------------------
     0 | D:1      | happo123 the Djinni Earth Elementalist began the quest for
                  | the Orb.
     0 | D:1      | Reached XP level 1. HP: 15/15 MP: 0/0
    86 | D:1      | Reached XP level 2. HP: 14/21 MP: 0/0
   351 | D:1      | Reached skill level 2 in Stealth
   509 | D:1      | Reached XP level 3. HP: 23/25 MP: 0/0
   509 | D:1      | Learned a level 1 spell: Freeze
   806 | D:1      | Found a faded altar of an unknown god.
  1294 | D:2      | Noticed Jessica
  1299 | D:2      | Killed Jessica
  1300 | D:2      | Reached XP level 4. HP: 5/31 MP: 0/0
  1808 | D:2      | Noticed Sigmund
  1846 | D:2      | Killed Sigmund
  1847 | D:2      | Reached skill level 3 in Stealth
  1847 | D:2      | Reached XP level 5. HP: 15/35 MP: 0/0
  1847 | D:2      | Learned a level 2 spell: Searing Ray
  1847 | D:2      | Reached XP level 6. HP: 17/40 MP: 0/0
  3442 | D:3      | HP: 2/40 [orc priest/nerve-wracking pain (8)]
  3443 | D:3      | Reached XP level 7. HP: 2/45 MP: 0/0
  3443 | D:3      | Learned a level 3 spell: Frozen Ramparts
  4037 | D:4      | Reached skill level 5 in Dodging
  4037 | D:4      | Reached skill level 4 in Stealth
  4121 | D:4      | Noticed a water moccasin
  4128 | D:4      | Killed a water moccasin
  4452 | D:4      | Reached XP level 8. HP: 32/50 MP: 0/0
  5216 | D:5      | Entered Level 5 of the Dungeon
  5357 | D:5      | Reached skill level 5 in Stealth
  5691 | D:5      | Noticed a wyvern
  5751 | D:5      | Reached skill level 5 in Spellcasting
  6218 | D:5      | Killed a wyvern
  6219 | D:5      | Reached XP level 9. HP: 43/55 MP: 0/0
  6219 | D:5      | Learned a level 3 spell: Ignite Poison
  6370 | D:5      | Reached skill level 6 in Stealth
  6372 | D:5      | Noticed Blork the orc
  6377 | D:5      | Killed Blork the orc
  6973 | D:6      | Reached skill level 7 in Stealth
  7303 | D:6      | Noticed Prince Ribbit
  7306 | D:6      | Killed Prince Ribbit
  7378 | D:6      | Reached skill level 8 in Stealth
  7381 | D:6      | Reached XP level 10. HP: 48/60 MP: 0/0
  8141 | D:7      | Found a hide-covered altar of Uskayaw.
  8320 | D:7      | Found a staircase to the Ecumenical Temple.
  8335 | Temple   | Entered the Ecumenical Temple
  8637 | Temple   | Became a worshipper of Elyvilon the Healer
  8880 | D:7      | Reached skill level 9 in Stealth
  9568 | D:8      | Reached * piety under Elyvilon
 10371 | D:9      | Noticed Erolcha
 10377 | D:9      | Killed Erolcha
 10378 | D:9      | Reached skill level 10 in Stealth
 10380 | D:9      | Reached skill level 10 in Dodging
 10688 | D:9      | Reached XP level 11. HP: 59/65 MP: 0/0
 10688 | D:9      | Learned a level 4 spell: Passage of Golubria
 10703 | D:9      | Reached ** piety under Elyvilon
 10938 | D:9      | Noticed Joseph
 10946 | D:9      | Killed Joseph
 10989 | D:9      | Found a staircase to the Lair.
 11041 | Lair:1   | Entered Level 1 of the Lair of Beasts
 11049 | D:9      | Reached skill level 11 in Stealth
 11222 | Lair:1   | Noticed an eight-headed hydra
 11228 | Lair:1   | Killed an eight-headed hydra
 11316 | Lair:1   | Reached skill level 12 in Stealth
 11660 | Lair:1   | Reached XP level 12. HP: 49/70 MP: 0/0
 11688 | Lair:1   | Identified the +1 scale mail of Siwym {rF+}
 11767 | Lair:1   | Reached skill level 13 in Stealth
 11903 | Lair:1   | Noticed a seven-headed hydra
 11910 | Lair:1   | Killed a seven-headed hydra
 12169 | Lair:2   | Found the +8 Vampire's Tooth {vamp}
 12270 | Lair:2   | Identified the +11 dagger "Kighass" {pain, rCorr}
 12296 | Lair:2   | Noticed Maggie
 12303 | Lair:2   | Reached *** piety under Elyvilon
 12309 | Lair:2   | Killed Maggie
 12405 | Lair:2   | Reached skill level 14 in Stealth
 12566 | Lair:2   | Found a transporter.
 12569 | Lair:2   | Noticed Guvu Tong's ghost (journeyman MiBe)
 12576 | Lair:2   | Found a transporter.
 12578 | Lair:2   | Noticed a death yak
 12805 | Lair:2   | HP: 2/70 [death yak (24)]
 12806 | Lair:2   | Elyvilon protects you from harm!
 12807 | Lair:2   | Elyvilon protects you from harm!
 12808 | Lair:2   | Demolished by a black mamba

Illustrated notes

Levels and vault maps discovered:
D:1:      elethiomel_arrival_quiet, layout_loops_ring, basic_ecumenical_altar,
          minivault_26, hex_medium
D:2:      layout_basic, uniq_sigmund, uniq_jessica
D:3:      layout_loops_corners
D:4:      layout_loops_ring
D:5:      layout_rooms, minmay_manual_mandibuliform, uniq_blork_the_orc
D:6:      layout_loops_cross, hangedman_minor_gate_pass, uniq_prince_ribbit1
D:7:      layout_loops_ring, mainiacjoe_overflow_cross_hatched,
          minmay_temple_entry_nine_rooms
D:8:      layout_rooms
D:9:      layout_loops_cross, lair_entry_dummy, uniq_erolcha, uniq_joseph
Temple:   roderic_octagonal_lattice_temple
Lair:1:   layout_big_grid, lemuel_old_faithful
Lair:2:   layout_hall_layers, gammafunk_ghost_berserking_beasts,
          minmay_lindwurm_lava, uniq_maggie

Skill      XL: |  1  2  3  4  5  6  7  8  9 10 11 12 |
---------------+-------------------------------------+-----
Stealth        | 2 3 4 5 8 10 12 14 | 14.2
Dodging        | 3 4 5 7 8 10 11 13 | 13.0
Spellcasting   | 3 4 5 6 7 8 9 |  9.6

Action                   |  1- 3 |  4- 6 |  7- 9 | 10-12 || total
-------------------------+-------+-------+-------+-------++-------
 Cast: Sandblast         |    30 |     7 |    19 |    21 ||    77
       Freeze            |     7 |     2 |    12 |    16 ||    37
       Stone Arrow       |     3 |    38 |    93 |   211 ||   345
       Searing Ray       |       |     2 |     1 |     2 ||     5
       Frozen Ramparts   |       |       |     8 |    17 ||    25
       Passwall          |       |       |       |     3 ||     3
       Passage of Golubr |       |       |       |     3 ||     3
Invok: Heal Self         |       |       |       |     2 ||     2
Evoke: Wand              |       |       |       |     2 ||     2
  Use: Scroll            |       |       |       |    11 ||    11
       Potion            |       |       |       |     2 ||     2
Armor: Robe              |     4 |     1 |     7 |     1 ||    13
       Troll leather arm |       |       |       |     9 ||     9
Dodge: Dodged            |    12 |     9 |    25 |   112 ||   158

Table legend: (Time is in decaauts)
 A = Elapsed time spent in this place.
 B = Non-inter-level travel time spent in this place.
 C = Inter-level travel time spent in this place.
 D = Time resting spent in this place.
 E = Time spent auto-exploring this place.
 F = Levels seen in this place.
 G = Mean time per level.
                   A        B        C        D        E       F      G
               +--------+--------+--------+--------+--------+-----+--------+
         Total |  12809 |   9533 |   3276 |   3229 |   4487 |  12 | 1067.4 |
       Dungeon |  10776 |   8765 |   2011 |   3038 |   4399 |   9 | 1197.3 |
        Temple |    386 |     84 |    302 |      0 |     49 |   1 |  386.0 |
          Lair |   1647 |    684 |    963 |    191 |     39 |   2 |  823.5 |
               +--------+--------+--------+--------+--------+-----+--------+

Top non-repeatable levels by time:
     D:4: 1648 daAuts
     D:1: 1545 daAuts
     D:3: 1371 daAuts
     D:5: 1233 daAuts
     D:6: 1176 daAuts
     D:9: 1049 daAuts
     D:2: 1047 daAuts
     D:8: 858 daAuts
     D:7: 846 daAuts
  Lair:2: 835 daAuts
  Lair:1: 811 daAuts
  Temple: 386 daAuts
